 Dungeon Crawl Stone Soup version 0.25.0-9-g26727b657a (webtiles) character file.

Game seed: 16358722292174822180

345 mopl the Cutter (level 6, -4/40 HPs)
             Began as a Kobold Abyssal Knight on June 18, 2020.
             Was a Believer of Lugonu.
             Slain by an ogre
             ... wielding a +0 giant club
              (7 damage)
             ... on level 4 of the Dungeon.
             The game lasted 00:05:19 (3486 turns).

mopl the Cutter (Kobold Abyssal Knight)             Turns: 3486, Time: 00:05:20

Health: -4/40      AC: 10    Str: 11    XL:     6   Next: 90%
Magic:  8/9        EV: 11    Int:  9    God:    Lugonu [**....]
Gold:   219        SH:  0    Dex: 17    Spells: 5/5 levels left

rFire    . . .     SeeInvis .   a - +3 short sword (vamp)
rCold    . . .     Gourm    .   (shield restricted)
rNeg     . . .     Faith    .   x - +1 scale mail "Zotupp" {*Contam +Blink Dex+2}
rPois    .         Spirit   .   (no helmet)
rElec    .         Reflect  .   f - +1 cloak
rCorr    +         Harm     .   v - +0 pair of gloves of Umali {rCorr Int+2} (curse)
MR       .....     Clarity  +   (no boots)
Stlth    ..........             (no amulet)
HPRegen  0.13/turn              s - -4 ring of intelligence (curse)
MPRegen  0.11/turn              (no ring)

@: no status effects
A: small, blink, blurry vision 1, carnivore, clarity, dopey 1
a: Blink, Depart the Abyss, Bend Space, Renounce Religion, Evoke Blink


You were on level 4 of the Dungeon.
You worshipped Lugonu.
Lugonu was pleased with you.
You were very full.

You visited 1 branch of the dungeon, and saw 5 of its levels.
You visited the Abyss 1 time.

You collected 219 gold pieces.

Inventory:

Hand Weapons
 a - a +3 vampiric short sword (weapon)
 b - a +0 hunting sling
 u - a +1 short sword of holy wrath
Missiles
 d - 209 stones (quivered)
 p - 2 datura-tipped darts
 w - 20 sling bullets
 z - 11 poisoned darts
Armour
 f - a +1 cloak (worn)
 v - the cursed +0 pair of gloves of Umali (worn) {rCorr Int+2}
   (You found it on level 4 of the Dungeon)

   It affects your intelligence (+2).
   It provides partial protection from all sources of acid and corrosion.
   It has a curse placed upon it.
 x - the +1 scale mail "Zotupp" (worn) {*Contam +Blink Dex+2}
   (You found it on level 4 of the Dungeon)

   It affects your dexterity (+2).
   It lets you blink.
   It causes magical contamination when unequipped.
Jewellery
 s - a cursed -4 ring of intelligence (left hand)
Scrolls
 g - a scroll of teleportation {unknown}
 h - a scroll of amnesia {unknown}
 i - a scroll of enchant weapon
 l - 2 scrolls of identify {unknown}
 r - a scroll of enchant armour
 y - a scroll of remove curse {unknown}
Potions
 e - a potion of flight
 j - a potion of stabbing {unknown}
 k - a potion of haste {unknown}
 m - a potion of heal wounds
 n - a potion of resistance {unknown}
 o - a potion of mutation
 q - a potion of curing {unknown}
 t - a potion of lignification
Comestibles
 c - 7 rations


   Skills:
 + Level 4.8 Fighting
 * Level 6.6 Short Blades
 - Level 0.7 Armour
 - Level 2.4 Dodging
 + Level 4.0 Invocations


You had 5 spell levels left.
You didn't know any spells.
Your spell library contained the following spells:

 Spells                   Type           Power        Failure   Level  Hunger
 Animate Skeleton         Necr           N/A          94%         1    ##.....
 Pain                     Necr           #...         94%         1    ##.....
 Vampiric Draining        Necr           #.........   100%        3    ####...
 Animate Dead             Necr           N/A          100%        4    #####..
 Agony                    Necr           #.......     100%        5    ######.


Dungeon Overview and Level Annotations

Branches:
Dungeon (5/15)             Temple (0/1) D:4

Altars:
Ashenzari
Dithmenos
Gozag
Hepliaklqana
Nemelex Xobeh
Okawaru
Xom
Yredelemnul


Innate Abilities, Weirdness & Mutations

You are small and have problems with some larger weapons.
You are carnivorous and can eat meat at any time.
You can translocate small distances at will.
Scrolls take you a little longer to read.
You possess an exceptional clarity of mind.
You are dopey. (Int -2)


Message History

The ogre is moderately wounded.
The ogre hits you with a +0 giant club!
You hit the ogre.
You feel better.
The ogre is heavily wounded.
The ogre closely misses you.
You puncture the ogre!
The ogre is almost dead.
You barely miss the ogre.
The ogre is almost dead.
The ogre barely misses you.
Your scale mail "Zotupp" prevents you from hitting the ogre.
The ogre is almost dead.
You barely miss the ogre.
The ogre is almost dead.
The ogre hits you with a +0 giant club!
* * * LOW HITPOINT WARNING * * *
You hit the ogre.
You feel better.
The ogre is almost dead.
The ogre hits you with a +0 giant club!
You die...

...............#......##
............##......###
................##..#
......##........#...#
............#.#.....#
......###...###....##
#..##.###....##..#####
##...........##O###..#
.#...##.....>...@#...#
.##..##.............##
.##...........#.....#
.##..........##....##
.##...........#.....##
..#.....#............#
#.......#...##.#...###
#.....#.#.#....#...##
.......###......)...#


You could see an ogre.

Vanquished Creatures
  A scorpion (D:4)
  A hound (D:4)
  3 orc priests
  A worker ant (D:4)
  5 adders
  2 oozes
  A worm (D:3)
  3 dart slugs
  A leopard gecko (D:2)
  16 orcs
  4 giant cockroaches
  7 goblins
  8 hobgoblins
  4 quokkas
  5 bats
  5 frilled lizards
  7 kobolds
  6 rats
80 creatures vanquished.

Notes
Turn   | Place    | Note
-------+----------+-------------------------------------------
     0 | Abyss:1  | mopl the Kobold Abyssal Knight began the quest for the Orb.
     0 | Abyss:1  | Reached XP level 1. HP: 14/14 MP: 2/2
    90 | Abyss:1  | Noticed a worldbinder
    91 | D:1      | Escaped the Abyss
   396 | D:1      | Reached * piety under Lugonu
   428 | D:1      | Reached skill level 3 in Short Blades
   428 | D:1      | Reached XP level 2. HP: 17/19 MP: 3/3
   885 | D:1      | Reached XP level 3. HP: 23/23 MP: 4/4
  1147 | D:2      | Reached skill level 4 in Short Blades
  1155 | D:2      | Found an opulent altar of Gozag.
  1259 | D:2      | Reached XP level 4. HP: 24/29 MP: 4/6
  1448 | D:2      | Found an iron altar of Okawaru.
  1695 | D:3      | Found a shattered altar of Ashenzari.
  1958 | D:3      | Reached ** piety under Lugonu
  2014 | D:3      | Reached XP level 5. HP: 29/33 MP: 7/7
  2025 | D:3      | Reached skill level 5 in Short Blades
  2387 | D:3      | Found a shimmering altar of Xom.
  2437 | D:3      | Found a sparkling altar of Nemelex Xobeh.
  2437 | D:3      | Found a basalt altar of Yredelemnul.
  2438 | D:3      | Found a shadowy altar of Dithmenos.
  2439 | D:3      | Found an opulent altar of Gozag.
  2439 | D:3      | Found a hazy altar of Hepliaklqana.
  2439 | D:3      | Found a shattered altar of Ashenzari.
  2598 | D:4      | Got an encrusted scale mail
  2609 | D:4      | Identified the +1 scale mail "Zotupp" {*Contam +Blink
                  | Dex+2} (You found it on level 4 of the Dungeon)
  2636 | D:4      | Got a pair of scorched gloves
  2647 | D:4      | Identified the cursed +0 pair of gloves of Umali {rCorr
                  | Int+2} (You found it on level 4 of the Dungeon)
  2726 | D:4      | Found a staircase to the Ecumenical Temple.
  2898 | D:5      | Entered Level 5 of the Dungeon
  2898 | D:5      | Noticed an ogre
  3004 | D:4      | Reached XP level 6. HP: 14/39 MP: 8/8
  3013 | D:4      | Reached skill level 6 in Short Blades
  3049 | D:4      | Gained mutation: You are dopey. (Int -2) [potion of
                  | mutation]
  3049 | D:4      | Gained mutation: You possess an exceptional clarity of
                  | mind. [potion of mutation]
  3049 | D:4      | Gained mutation: Scrolls take you a little longer to read.
                  | [potion of mutation]
  3049 | D:4      | Gained mutation: You can translocate small distances at
                  | will. [potion of mutation]
  3485 | D:4      | HP: 2/40 [ogre/+0 giant club (15)]
  3486 | D:4      | Slain by an ogre

Illustrated notes

Levels and vault maps discovered:
D:1:      minmay_arrival_split_and_join, layout_rooms,
          chequers_serial_rivers_small_a, serial_bayou_pond_c,
          minmay_tetromino_s2
D:2:      layout_loops_cross, okawaru_altar_gauntlet_db, grunt_gozag_breadcrumbs
D:3:      layout_rooms, lemuel_round_altar, grunt_temple_overflow_open,
          ashenzari_altar_1
D:4:      layout_cave_pools, minmay_temple_entry_arrows, first_ration,
          minmay_box_of_dots
D:5:      layout_basic, kennysheep_mini, hex_intersection

Skill      XL: |  1  2  3  4  5  6 |
---------------+-------------------+-----
Short Blades   | 3 4 5 6 |  6.6
Fighting       | 4 |  4.8
Invocations    | 3 4 |  4.0
Armour         | |  0.7
Dodging        | |  2.4

Action                   |  1- 3 |  4- 6 || total
-------------------------+-------+-------++-------
Melee: Short sword       |   110 |   219 ||   329
Invok: Depart the Abyss  |     1 |       ||     1
  Use: Scroll            |     2 |     1 ||     3
       Potion            |       |     4 ||     4
 Stab: Sleeping          |     1 |       ||     1
  Eat: Chunk             |    10 |     6 ||    16
Armor: Leather armour    |    20 |    27 ||    47
       Scale mail        |       |    24 ||    24
       Ring mail         |       |     9 ||     9
Dodge: Dodged            |    85 |   152 ||   237
